[ AOE2 MATCH · #505563072 ]
UnrankedIncas vs Bengalis
Player's team · LOSS
Rival team · WIN
[ REPLAY ANALYSIS · EXTRACTED FROM THE RECORDED GAME ]
Feudal
9:41
Castle
—
Imperial
—
| APM avg | 81.3 |
| APM peak | 125 |
| eAPM avg | 26.3 |
| Villagers / military | 33 / 16 |
Focus
⚔️ 38.8% · 🌾 61.2%
Skirmisher ×7 · Archer ×6 · Spearman ×3 · Unknown (2550) ×3
Feudal
8:50
Castle
—
Imperial
—
| APM avg | 57.4 |
| APM peak | 80 |
| eAPM avg | 25.9 |
| Villagers / military | 44 / 22 |
Focus
⚔️ 44.2% · 🌾 55.8%
Archer ×15 · Scout Cavalry ×7
Match map
Initial resources + every placement click. Lines = walls · curves = elevation contours. ◆ gold · ⬟ stone · ● berries · ✦ relic · ◌ wall gap
Your base· Open — 6t gap
Hannibal's base· Open — 6t gap
Smoothed initial terrain · ◌ = detected wall gap · hover for details
Inputs per minute
— Sapfiros - - Hannibal
Build order — Sapfiros
79 actions detected in the replay
| 0:00 | Create | Villager (Male) |
| 0:02 | Build | House |
| 0:04 | Build | House |
| 0:05 | Create | Villager (Male) |
| 0:06 | Create | Villager (Male) |
| 0:10 | Create | Villager (Male) |
| 0:11 | Create | Villager (Male) |
| 1:32 | Create | Villager (Male) |
| 1:32 | Create | Villager (Male) |
| 1:49 | Build | Settlement |
| 1:55 | Create | Villager (Male) |
| 1:56 | Create | Villager (Male) |
| 2:30 | Create | Villager (Male) |
| 2:31 | Create | Villager (Male) |
| 3:17 | Create | Villager (Male) |
| 3:41 | Create | Villager (Male) |
| 4:04 | Create | Villager (Male) |
| 4:29 | Create | Villager (Male) |
| 4:34 | Create | Villager (Male) |
| 4:58 | Create | Villager (Male) |
| 4:59 | Create | Villager (Male) |
| 5:04 | Build | Barracks |
| 5:23 | Create | Villager (Male) |
| 6:09 | Create | Unit 2550 |
| 6:16 | Create | Villager (Male) |
| 6:19 | Research | Loom |
| 7:11 | Build | Settlement |
| 7:15 | Create | Villager (Male) |
| 7:28 | Research | Feudal Age |
| 7:28 | Research | Feudal Age |
| 7:57 | Build | Settlement |
| 8:31 | Create | Unit 2550 |
| 9:41 | Age | Feudal Age |
| 9:51 | Build | Watch Tower |
| 10:13 | Research | Tech 1402 |
| 10:13 | Research | Tech 1402 |
| 10:42 | Create | Villager (Male) |
| 10:50 | Create | Unit 2550 |
| 11:09 | Create | Villager (Male) |
| 11:09 | Create | Villager (Male) |
| 11:11 | Build | Archery Range |
| 11:28 | Create | Villager (Male) |
| 11:36 | Build | Blacksmith |
| 12:22 | Create | Skirmisher |
| 12:34 | Create | Villager (Male) |
| 12:58 | Create | Archer |
| 13:00 | Create | Archer |
| 13:05 | Create | Villager (Male) |
| 13:07 | Create | Skirmisher |
| 13:25 | Create | Skirmisher |
| 13:44 | Create | Villager (Male) |
| 13:52 | Build | House |
| 14:01 | Create | Skirmisher |
| 14:09 | Build | House |
| 14:15 | Build | House |
| 14:20 | Create | Villager (Male) |
| 14:23 | Create | Skirmisher |
| 14:28 | Build | House |
| 14:39 | Research | Fletching |
| 14:55 | Build | House |
| 15:01 | Create | Skirmisher |
| 15:06 | Create | Villager (Male) |
| 15:06 | Create | Villager (Male) |
| 15:15 | Create | Skirmisher |
| 15:17 | Create | Villager (Male) |
| 15:17 | Create | Villager (Male) |
| 15:33 | Build | Farm |
| 15:34 | Build | Farm |
| 15:34 | Build | Farm |
| 15:34 | Build | Farm |
| 15:37 | Create | Archer |
| 15:41 | Build | Archery Range |
| 15:58 | Create | Archer |
| 16:10 | Create | Spearman |
| 16:12 | Create | Archer |
| 16:50 | Create | Archer |
| 17:05 | Build | House |
| 17:11 | Create | Spearman |
| 17:23 | Create | Spearman |
Build order — Hannibal
105 actions detected in the replay
| 0:00 | Create | Villager (Male) |
| 0:01 | Create | Villager (Male) |
| 0:02 | Build | House |
| 0:09 | Create | Villager (Male) |
| 0:09 | Create | Villager (Male) |
| 1:22 | Create | Villager (Male) |
| 1:27 | Build | House |
| 1:28 | Build | House |
| 1:40 | Create | Villager (Male) |
| 2:09 | Build | Lumber Camp |
| 2:30 | Create | Villager (Male) |
| 2:31 | Create | Villager (Male) |
| 2:50 | Create | Villager (Male) |
| 3:16 | Create | Villager (Male) |
| 3:38 | Create | Villager (Male) |
| 3:59 | Create | Villager (Male) |
| 4:07 | Create | Villager (Male) |
| 4:25 | Create | Villager (Male) |
| 4:39 | Build | Mill |
| 5:00 | Create | Villager (Male) |
| 5:11 | Create | Villager (Male) |
| 5:34 | Research | Loom |
| 6:39 | Research | Feudal Age |
| 6:57 | Build | Palisade Wall |
| 6:58 | Build | Palisade Wall |
| 6:58 | Build | Palisade Wall |
| 7:15 | Build | Mining Camp |
| 7:16 | Build | Palisade Wall |
| 7:18 | Build | Palisade Wall |
| 7:44 | Build | Barracks |
| 8:05 | Build | House |
| 8:32 | Create | Villager (Male) |
| 8:39 | Build | House |
| 8:50 | Age | Feudal Age |
| 8:54 | Build | Archery Range |
| 9:06 | Create | Villager (Male) |
| 9:13 | Create | Villager (Male) |
| 9:29 | Create | Archer |
| 9:29 | Create | Archer |
| 9:33 | Create | Villager (Male) |
| 9:44 | Create | Villager (Male) |
| 9:45 | Build | House |
| 9:52 | Research | Double-Bit Axe |
| 10:14 | Create | Villager (Male) |
| 10:19 | Build | House |
| 10:20 | Create | Villager (Male) |
| 10:22 | Create | Villager (Male) |
| 10:28 | Create | Villager (Male) |
| 10:37 | Create | Archer |
| 11:15 | Build | House |
| 11:17 | Create | Archer |
| 11:17 | Create | Archer |
| 11:20 | Create | Villager (Male) |
| 11:28 | Build | Blacksmith |
| 11:47 | Create | Villager (Male) |
| 11:51 | Create | Archer |
| 11:53 | Create | Villager (Male) |
| 12:11 | Research | Fletching |
| 12:12 | Create | Villager (Male) |
| 12:12 | Create | Villager (Male) |
| 12:35 | Create | Villager (Male) |
| 12:35 | Create | Villager (Male) |
| 12:38 | Create | Archer |
| 12:38 | Create | Archer |
| 12:48 | Build | Stable |
| 13:14 | Create | Archer |
| 13:26 | Create | Archer |
| 13:37 | Create | Villager (Male) |
| 13:50 | Create | Scout Cavalry |
| 13:50 | Create | Scout Cavalry |
| 13:52 | Build | House |
| 13:55 | Create | Villager (Male) |
| 13:59 | Create | Villager (Male) |
| 14:04 | Create | Archer |
| 14:16 | Create | Villager (Male) |
| 14:19 | Create | Archer |
| 14:22 | Build | House |
| 14:31 | Create | Villager (Male) |
| 14:33 | Build | Farm |
| 14:34 | Build | Farm |
| 14:45 | Create | Archer |
| 14:48 | Research | Horse Collar |
| 14:55 | Create | Scout Cavalry |
| 15:02 | Create | Scout Cavalry |
| 15:10 | Create | Villager (Male) |
| 15:12 | Build | Farm |
| 15:23 | Create | Villager (Male) |
| 15:28 | Build | Mill |
| 15:41 | Build | Farm |
| 15:42 | Create | Villager (Male) |
| 15:55 | Create | Villager (Male) |
| 16:06 | Build | Mill |
| 16:11 | Create | Archer |
| 16:24 | Create | Scout Cavalry |
| 16:26 | Create | Scout Cavalry |
| 16:32 | Build | Farm |
| 16:32 | Build | Farm |
| 16:32 | Build | Farm |
| 16:33 | Build | Farm |
| 16:53 | Create | Villager (Male) |
| 17:01 | Create | Archer |
| 17:07 | Build | Lumber Camp |
| 17:15 | Create | Scout Cavalry |
| 17:23 | Create | Villager (Male) |
| 17:26 | Create | Villager (Male) |
Match timeline
| 5:04 | Sapfiros · first_building Barracks |
| 6:57 | Hannibal · wall_segment Palisade Wall x1 |
| 6:58 | Hannibal · wall_segment Palisade Wall x1 |
| 6:58 | Hannibal · wall_segment Palisade Wall x1 |
| 7:16 | Hannibal · wall_segment Palisade Wall x1 |
| 7:18 | Hannibal · wall_segment Palisade Wall x1 |
| 7:44 | Hannibal · first_building Barracks |
| 8:50 | Hannibal · age_up feudal |
| 8:54 | Hannibal · first_building Archery Range |
| 9:41 | Sapfiros · age_up feudal |
| 11:11 | Sapfiros · first_building Archery Range |
| 12:48 | Hannibal · first_building Stable |
| 17:29 | Sapfiros · resign |
[ AI ANALYSIS · 1 CREDIT ]
What really happened in this match?
Wolo.gg analyzes every decision: build order, eco, micro, common mistakes by bracket. Personalized analysis on WhatsApp or Discord in 30 seconds.
Civ guide
Incas
Perfil
Jugador #16369027